 Dungeon Crawl Stone Soup version 0.31.0-12-g77e489cdc1 (webtiles) character file.

Game seed: 6865178906337464914

128 Killerpretzel the Changeling (level 5, 0/34 HPs)
             Began as an Octopode Shapeshifter on Feb 12, 2024.
             Slain by Menkaure (18 damage)
             ... on level 4 of the Dungeon.
             The game lasted 00:02:47 (3269 turns).

Killerpretzel the Changeling (OpSh)                 Turns: 3269, Time: 00:02:47

Health: 0/34       AC:  1    Str: 14    XL:     5   Next: 11%
Magic:  5/5        EV: 13    Int: 12    God:
Gold:   135        SH:  0    Dex: 13    Spells: 4/4 levels left

rFire   . .          .
                       - Unarmed
rCold   . . .        (no shield)
rNeg    + . .        (helmet currently unavailable)
rPois   .            (no amulet)
rElec   .            h - ring of positive energy
rCorr   .            (no ring)
SInv    .            (no ring)
Will    .....        (no ring)
Stlth   ++           (no ring)
HPRegen 0.25/turn    (no ring)
MPRegen 0.09/turn    (no ring)
                     (no ring)

%: no passive effects
@: beast-form
A: beast (slay +2), almost no armour, amphibious, 8 rings, camouflage 1,
gelatinous body 1, (nimble swimmer 1), tentacles
a: Begin Untransformation


You were on level 4 of the Dungeon.
You were a hulking beast.
You visited 1 branch of the dungeon, and saw 4 of its levels.

You collected 135 gold pieces.

Inventory:

Jewellery
 h - a ring of positive energy (left tentacle)
Talismans
 b - a beast talisman
 c - a flux talisman
Scrolls
 f - a scroll of immolation {unknown}
 g - a scroll of identify
Potions
 a - a potion of lignification
 d - a potion of brilliance
 e - a potion of degeneration


   Skills:
 + Level 2.2 Fighting
 + Level 2.8 Dodging
 + Level 3.6 Unarmed Combat
 * Level 4.0 Shapeshifting


You had 4 spell levels left.
You didn't know any spells.
Your spell library contained the following spells:

 Spells                   Type           Power      Damage    Failure   Level
 Frozen Ramparts          Ice            0%         1d1       69%         3
 Leda's Liquefaction      Alch/Erth      0%         N/A       97%         4
 Petrify                  Alch/Erth      0%         N/A       97%         4
 Metabolic Englaciation   Hex/Ice        0%         N/A       100%        5


Dungeon Overview and Level Annotations

Branches:
Dungeon (4/15)
 Temple: D:4-7

Altars:
Wu Jian

Annotations:
D:1 2 transporters
D:4 Menkaure


Innate Abilities, Weirdness & Mutations

You are a hulking beast.
Your limbs bulge with bestial killing power. (Slay +2)
You cannot wear most types of armour.
You are amphibious.
You can wear up to eight rings at the same time.
Your skin changes colour to match your surroundings (Stealth+).
Your rubbery body absorbs attacks. (AC +1, EV +1)
((You are camouflaged when in or above water. (Stealth+)))
You have tentacles for arms and can constrict up to eight enemies at once.


Message History

No target in view!
No target in view!
No target in view!
No target in view!
No target in view!
No target in view!
No target in view!
No target in view!
You see here a +0 dagger.
You open the door.
You pick up a book of Sloth and begin reading...
You add the spells Frozen Ramparts, Leda's Liquefaction, Petrify and Metabolic Englaciation to your library.
No target in view!
No target in view!
No target in view!
No target in view!
No target in view!
No target in view!
No target in view!
No target in view!
No target in view!
No target in view!
There is an open door here.
Menkaure, Prince of Dust comes into view.
Menkaure shouts!
Menkaure gestures at you while chanting.
Pain shoots through your body!
Menkaure calls on the powers of darkness!
Your body is wracked with pain!
You barely miss Menkaure. Your grab misses Menkaure.
Menkaure completely misses you.
You tentacle-slap Menkaure but do no damage.
You grab Menkaure. You squeeze Menkaure.
Menkaure is lightly damaged.
You constrict Menkaure. You tentacle-slap Menkaure. You squeeze Menkaure.
Menkaure is heavily damaged.
You constrict Menkaure. Menkaure hits you!!
Ouch! That really hurt!
You die...

#.# #.#
#.# #.#
#.# #.#
#.#
#######.#
#...Mh..#
##.######


You could see Menkaure.

Vanquished Creatures
  A bombardier beetle (D:4)
  An adder (D:2)
  5 ribbon worms
  3 dart slugs
  An orc (D:4)
  7 endoplasms
  2 giant cockroaches
  9 goblins
  9 hobgoblins
  2 jackals (D:1)
  4 quokkas
  2 ball pythons (D:3)
  4 bats
  2 frilled lizards
  7 kobolds
  2 rats
61 creatures vanquished.

Notes
Turn   | Place    | Note
-------+----------+-------------------------------------------
     0 | D:1      | Killerpretzel the Octopode Shapeshifter began the quest for
                  | the Orb.
     0 | D:1      | Reached XP level 1. HP: 13/13 MP: 1/1
    92 | D:1      | Reached XP level 2. HP: 18/18 MP: 2/2
   478 | D:1      | Reached XP level 3. HP: 18/23 MP: 3/3
  1378 | D:2      | Reached XP level 4. HP: 28/29 MP: 4/4
  2879 | D:3      | Found an ornate altar of the Wu Jian Council.
  2976 | D:4      | Reached skill level 4 in Shapeshifting
  2976 | D:4      | Reached XP level 5. HP: 29/34 MP: 5/5
  3264 | D:4      | Noticed Menkaure
  3269 | D:4      | Slain by Menkaure

Illustrated notes

Levels and vault maps discovered:
D:1:      spicycebolla_arrival_transporter_tutorial, layout_loops_ring,
          nicolae_hexahallways, st_stairs_3, serial_bayou_ford_a,
          columned_hall_lemuel
D:2:      layout_loops_ring, nicolae_wormholes
D:3:      layout_loops_cross, marbit_many_paths, serial_co_window_serial,
          co_window_of_opportunity_a, co_window_paths_b, co_window_paths_a,
          co_window_paths_b, co_window_of_opportunity_a, co_window_corner_a,
          co_window_corner_a, co_window_paths_a, co_window_of_opportunity_a,
          co_window_paths_c, co_window_broadway_c, co_window_cross_3,
          co_window_broadway_b, co_window_paths_d, glass_columns_a,
          glass_columns_c, glass_columns_b, glass_columns_b
D:4:      layout_basic, minmay_overflow_temple_star_quad, serial_shops, shop,
          nicolae_elevator_lobby_asterisk, uniq_menkaure, uniq_duvessa

Skill      XL: |  1  2  3  4 |
---------------+-------------+-----
Fighting       | 2 |  2.2
Shapeshifting  | 4 |  4.0
Dodging        | |  2.8
Unarmed Combat | |  3.6

Action                     |  1- 3 |  4- 6 || total
---------------------------+-------+-------++-------
  Melee: Unarmed           |    68 |    50 ||   118
         Constrict         |    19 |    14 ||    33
         Tentacles         |    16 |    15 ||    31
         Punch             |     2 |     3 ||     5
    Use: Scroll            |     3 |     4 ||     7
   Stab: Sleeping          |     6 |     2 ||     8
 Armour: Skin              |    27 |    21 ||    48
  Dodge: Dodged            |    29 |    19 ||    48
